 Dungeon Crawl Stone Soup version 0.30-a0-760-g5a9884bb7c (webtiles) character file.

Game seed: 9442556921233758033

4975 Lobster4 the Ruffian (level 10, 0/85 (94) HPs)
             Began as a Troll Artificer on Feb 10, 2023.
             Was a Follower of Uskayaw.
             Slain by a wight
             ... wielding a +4 hand axe of freezing
              (6 damage)
             ... on level 7 of the Dungeon.
             The game lasted 00:20:11 (6919 turns).

Lobster4 the Ruffian (Troll Artificer)              Turns: 6919, Time: 00:20:11

HP:   0/85 (94)     AC:  6    Str: 26    XL:     10   Next: 29%
MP:   13/13         EV: 10    Int:  7    God:    Uskayaw [*.....]
Gold: 284           SH:  0    Dex: 10    Spells: 12/14 levels left

rFire   . . .      SeeInvis .      - Unarmed
rCold   . . .      Faith    .    (no shield)
rNeg    . . .      Spirit   .    A - +0 troll leather armour
rPois   .          Reflect  .    (helmet restricted)
rElec   .          Harm     .    (no cloak)
rCorr   .          Rampage  .    (gloves unavailable)
Will    .....                    (boots unavailable)
Stlth   +                        (no amulet)
HPRegen 1.94/turn                E - ring of wizardry
MPRegen 0.13/turn                (no ring)

@: drained
A: large, unfitting armour, claws 3, regeneration 1, shaggy fur 1, tough skin 1
a: Renounce Religion, Stomp


You were on level 7 of the Dungeon.
You worshipped Uskayaw.
Uskayaw was noncommittal.
You visited 2 branches of the dungeon, and saw 9 of its levels.
You also visited: Sewer.

You collected 409 gold pieces.
You spent 125 gold pieces at shops.

Inventory:

Hand Weapons
 a - a +2 whip of venom
 m - a +1 whip of draining
 D - a +2 whip of electrocution
Missiles
 b - 11 boomerangs
 c - 6 large rocks (quivered)
Armour
 A - a +0 troll leather armour (worn)
Jewellery
 E - a ring of wizardry (left claw)
Wands
 d - a wand of charming (14)
 e - a wand of iceblast (2)
 o - a wand of polymorph (9)
 B - a wand of light (10)
Scrolls
 g - a scroll of silence {unknown}
 h - 3 scrolls of teleportation
 i - 2 scrolls of magic mapping {unknown}
 j - a scroll of amnesia
 k - a scroll of fog {unknown}
 n - 2 scrolls of vulnerability {unknown}
 q - 2 scrolls of immolation {unknown}
 r - a scroll of blinking
 s - 2 scrolls of fear {unknown}
 u - 2 scrolls of enchant weapon {unknown}
 x - a scroll of enchant armour {unknown}
 y - a scroll of summoning {unknown}
 C - a scroll of brand weapon {unknown}
Potions
 f - 2 potions of curing
 l - 2 potions of heal wounds
 t - 5 potions of lignification
 v - 2 potions of flight {unknown}
 w - a potion of might
 z - 2 potions of mutation


   Skills:
 + Level 4.6 Fighting
 - Level 3.0 Maces & Flails
 - Level 3.0 Throwing
 + Level 4.5 Armour
 + Level 4.9 Dodging
 - Level 0.3 Stealth
 + Level 5.3 Unarmed Combat
 + Level 2.7 Spellcasting
 - Level 3.0 Transmutations
 + Level 2.4 Invocations
 + Level 4.8 Evocations


You had 12 spell levels left.
You knew the following spells:

 Your Spells              Type           Power      Damage    Failure   Level
a - Wereblood             Tmut           5%         N/A       7%          2

Your spell library contained the following spells:

 Spells                   Type           Power      Damage    Failure   Level
 Beastly Appendage        Tmut           10%        N/A       4%          1
 Blink                    Tloc           0%         N/A       24%         2
 Lesser Beckoning         Tloc           0%         N/A       24%         2
 Momentum Strike          Conj/Tloc      0%         3d8       24%         2
 Spider Form              Tmut/Pois      3%         N/A       26%         3
 Call Canine Familiar     Summ           0%         N/A       41%         3
 Inner Flame              Hex/Fire       0%         N/A       41%         3
 Kindle Blastsparks       Fire/Tloc/Air  0%         2d10      41%         3
 Portal Projectile        Hex/Tloc       0%         N/A       41%         3
 Flame Wave               Conj/Fire      0%         2d4       80%         4
 Fulminant Prism          Conj/Hex       0%         3d5       80%         4
 Iskenderun's Mystic Bla  Conj/Tloc      0%         2d3       80%         4
 Leda's Liquefaction      Hex/Erth       0%         N/A       80%         4
 Sticky Flame             Conj/Fire      0%         2d3       80%         4
 Lee's Rapid Deconstruct  Erth           0%         3d4*      98%         5


Dungeon Overview and Level Annotations

Branches:
Dungeon (8/15)             Temple (1/1) D:6           Sewer (visited)
   Lair: D:8-11

Altars:
Dithmenos
Fedhas
Gozag
Kikubaaqudgha
Makhleb
Nemelex Xobeh
Okawaru
Ru
Sif Muna
Trog
Uskayaw
Vehumet
Wu Jian
Xom
Yredelemnul

Shops:
D:3 =[([?


Innate Abilities, Weirdness & Mutations

You are too large for most types of armour.
You have claws for hands.
Your natural rate of healing is unusually fast.
You are covered in fur. (AC +1)
You have tough skin. (AC +1)


Message History

You barely miss the wight.
The wight hits you with a +4 hand axe of freezing!
The wight freezes you.
The wight hits you from afar with a +2 trident!
You are too injured to fight recklessly!
You claw the wight!
The wight is severely damaged.
The wight hits you with a +4 hand axe of freezing.
The wight freezes you.
The wight hits you from afar with a +2 trident.
You feel drained.
You barely miss the wight.
The wight is severely damaged.
The wight hits you from afar with a +2 trident!
* * * LOW HITPOINT WARNING * * *
The wight hits you with a +4 hand axe of freezing.
* * * LOW HITPOINT WARNING * * *
You feel drained. The wight freezes you.
* * * LOW HITPOINT WARNING * * *
There is a stone staircase leading up here.
The wight hits you with a +4 hand axe of freezing.
* * * LOW HITPOINT WARNING * * *
The wight freezes you.
* * * LOW HITPOINT WARNING * * *
The wight hits you from afar with a +2 trident!
* * * LOW HITPOINT WARNING * * *
You climb upwards.
There is a stone staircase leading down here.
You closely miss the wight.
The wight is severely damaged.
The wight barely misses you.
You scratch the wight but do no damage.
The wight is severely damaged.
The wight barely misses you.
You barely miss the wight.
The wight is severely damaged.
The wight hits you with a +4 hand axe of freezing!
* * * LOW HITPOINT WARNING * * *
The wight freezes you.
You die...

...............................'.
#....#########....###..........#.
##.#.# #.#..# #.#....(..##. #...#
#.#..# #.##.....###. #.###
#.#.####.###...## #. #.#
#......>.# ##'## ## #.#
###.###### #.# #.# #z#########.#
#.# #@........#.## #.#
#.#..#..#....## #.#
#...###.#.....# #.#
#.#..#..#....## ##.#
#.##...##.#.###### ...#
#.###............. ####
#.#######.######## #.........#
###########


You could see a wight.

Vanquished Creatures
  A boulder beetle (D:8)
  2 cyclopes (D:8)
  2 trolls (D:8)
  An efreet (D:8)
  Sigmund (D:6)
  4 yaks (D:8)
  An acid dragon (D:8)
  3 black bears
  3 ice beasts
  Pargi (Sewer)
  An ogre (D:5)
  4 bullfrogs
  2 necrophages
  A gnoll sergeant (D:8)
  A wight (D:8)
  A scorpion (D:4)
  A howler monkey (D:6)
  2 orc priests (D:7)
  A hound (D:5)
  Jessica (D:3)
  Natasha (twice) (D:3)
  4 iguanas
  7 orc wizards
  Robin (D:3)
  10 gnolls
  7 adders
  A shadow imp (D:7)
  A white imp (D:6)
  3 ufetubi
  A worm (D:3)
  A dart slug (D:3)
  21 orcs
  7 ball pythons
  2 bats (D:3)
  5 endoplasms
  5 giant cockroaches
  14 goblins
  11 hobgoblins
  2 jackals (D:4)
  6 kobolds
  7 quokkas
  16 frilled lizards
  7 rats
175 creatures vanquished.

Vanquished Creatures (collateral kills)
  A bullfrog (D:8)
1 creature vanquished.

Vanquished Creatures (others)
  A bullfrog (D:8)
  9 plants (D:1)
10 creatures vanquished.

Grand Total: 186 creatures vanquished

Notes
Turn   | Place    | Note
-------+----------+-------------------------------------------
     0 | D:1      | Lobster4 the Troll Artificer began the quest for the Orb.
     0 | D:1      | Reached XP level 1. HP: 18/18 MP: 0/0
   256 | D:1      | Reached skill level 1 in Fighting
   262 | D:1      | Reached XP level 2. HP: 27/27 MP: 1/1
  1045 | D:2      | Reached XP level 3. HP: 32/32 MP: 2/2
  1075 | D:2      | Reached skill level 1 in Unarmed Combat
  1524 | D:3      | Noticed Jessica
  1535 | D:3      | Killed Jessica
  1536 | D:3      | Reached skill level 1 in Armour
  1554 | D:3      | Found Ciozav's Jewellery Shop.
  1607 | D:3      | Reached XP level 4. HP: 41/41 MP: 3/3
  1671 | D:3      | Noticed Robin
  1685 | D:3      | Killed Robin
  1731 | D:3      | Found a radiant altar of Vehumet.
  1752 | D:3      | Found Miapn's Weapon Emporium.
  1900 | D:3      | Found Ysiulilo's Armour Boutique.
  1925 | D:3      | Noticed Natasha
  1934 | D:3      | Killed Natasha
  1935 | D:3      | Reached skill level 1 in Maces & Flails
  1975 | D:3      | Noticed Natasha
  1980 | D:3      | Killed Natasha
  1981 | D:3      | Reached XP level 5. HP: 43/49 MP: 4/4
  2046 | D:3      | Found The Oracle's Delphic Readings.
  2058 | D:3      | Bought a scroll of noise for 10 gold pieces
  2061 | D:3      | Bought a scroll of blinking for 75 gold pieces
  2061 | D:3      | Bought a scroll of identify for 20 gold pieces
  2061 | D:3      | Bought a scroll of identify for 20 gold pieces
  2193 | D:3      | Found Jogh's Antique Weapon Boutique.
  2212 | D:3      | Found Loisyac's Armour Emporium.
  2382 | D:4      | Reached skill level 2 in Unarmed Combat
  2404 | D:4      | Noticed a black bear
  2417 | D:4      | Killed a black bear
  2418 | D:4      | Reached XP level 6. HP: 28/57 MP: 5/5
  2976 | D:4      | Found a shimmering blue altar of Sif Muna.
  3002 | D:4      | Learned a level 2 spell: Wereblood
  3071 | D:5      | Entered Level 5 of the Dungeon
  3164 | D:5      | Reached XP level 7. HP: 57/66 MP: 6/6
  3438 | D:5      | Reached skill level 1 in Throwing
  3438 | D:5      | Reached skill level 3 in Unarmed Combat
  3524 | D:5      | Reached skill level 1 in Transmutations
  3658 | D:6      | Found a glowing drain.
  3683 | Sewer    | Entered a sewer
  3738 | Sewer    | Noticed Pargi
  3745 | Sewer    | Killed Pargi
  3746 | Sewer    | Reached XP level 8. HP: 70/75 MP: 8/8
  3908 | D:6      | Found a staircase to the Ecumenical Temple.
  3970 | D:6      | Reached skill level 1 in Spellcasting
  4260 | D:6      | Noticed Sigmund
  4267 | D:6      | Killed Sigmund
  4738 | Temple   | Entered the Ecumenical Temple
  4890 | Temple   | Became a worshipper of Uskayaw the Reveller
  5033 | D:7      | Found a sacrificial altar of Ru.
  5039 | D:7      | Reached * piety under Uskayaw
  5041 | D:7      | Reached ** piety under Uskayaw
  5046 | D:7      | Reached *** piety under Uskayaw
  5154 | D:7      | Reached **** piety under Uskayaw
  5391 | D:7      | Found an opulent altar of Gozag.
  5473 | D:7      | Found a burning altar of Makhleb.
  6079 | D:8      | Reached XP level 9. HP: 83/83 MP: 10/10
  6081 | D:8      | Reached skill level 4 in Unarmed Combat
  6163 | D:8      | Noticed a troll
  6164 | D:8      | Noticed a cyclops
  6178 | D:8      | Killed a troll
  6243 | D:8      | Killed a cyclops
  6372 | D:8      | Reached skill level 1 in Invocations
  6374 | D:8      | Reached ***** piety under Uskayaw
  6495 | D:8      | Noticed a cyclops
  6502 | D:8      | Killed a cyclops
  6534 | D:8      | Noticed a boulder beetle
  6541 | D:8      | Noticed an efreet
  6558 | D:8      | Killed a boulder beetle
  6559 | D:8      | Reached skill level 5 in Unarmed Combat
  6559 | D:8      | Reached XP level 10. HP: 86/94 MP: 12/12
  6832 | D:8      | Noticed a death knight
  6919 | D:7      | Slain by a wight

Illustrated notes

Levels and vault maps discovered:
D:1:      minmay_arrival_up_and_down, layout_loops_corners,
          minmay_misc_feat_rugged, minmay_lizard_king
D:2:      layout_basic
D:3:      layout_basic, lemuel_crystal_altar, serial_shops, nicolae_square_shop,
          shop, shop, nicolae_shop_advertising_works
          [nicolae_subvault_shop_adworks], nicolae_shop_behind_doors,
          nicolae_nh_oracle_at_delphi, uniq_robin, uniq_jessica, uniq_natasha
D:4:      layout_basic, led_sif_book, minmay_tree_intersection,
          minmay_misc_feat_four_crosses
D:5:      layout_cave_pools
D:6:      layout_loops_corners, minmay_temple_entry_nine_rooms,
          portal_sewer_entry_f, uniq_sigmund
D:7:      layout_loops_corners, kennysheep_little_box,
          mainiacjoe_overflow_paths, mainiacjoe_overflow_chevrons,
          minmay_between
D:8:      hangedman_cross_veins, layout_loops_corners, grunt_qazlal_clouds,
          nicolae_shop_fire_sale [nicolae_sub_dead_trees], kennysheep_potato,
          uniq_gastronok, uniq_pikel
Temple:   jpeg_temple_alley_garden

Skill      XL: |  1  2  3  4  5  6  7  8  9 |
---------------+----------------------------+-----
Dodging        | 2 3 4 |  4.9
Fighting       | 1 2 3 4 |  4.6
Unarmed Combat | 1 2 3 5 |  5.3
Armour         | 1 2 3 4 |  4.5
Maces & Flails | 1 2 3 |  3.0
Evocations     | 3 4 |  4.8
Throwing       | 1 2 3 |  3.0
Transmutations | 1 2 3 |  3.0
Spellcasting   | 1 2 |  2.7
Invocations    | 2 |  2.4
Stealth        | |  0.3

Action                     |  1- 3 |  4- 6 |  7- 9 | 10-12 || total
---------------------------+-------+-------+-------+-------++-------
  Melee: Unarmed           |   107 |   183 |   266 |    31 ||   587
         Punch             |       |     1 |     3 |     3 ||     7
  Throw: Boomerang         |       |    11 |       |       ||    11
         Dart              |       |       |     8 |       ||     8
   Cast: Wereblood         |       |       |     1 |       ||     1
  Evoke: Wand              |       |       |    20 |     2 ||    22
    Use: Scroll            |     3 |     3 |     2 |       ||     8
   Stab: Sleeping          |     2 |     2 |       |       ||     4
         Paralysed         |       |       |     4 |     2 ||     6
         Invisible         |       |       |     1 |       ||     1
 Armour: Robe              |    26 |     3 |       |       ||    29
         Animal skin       |       |    50 |    59 |     3 ||   112
         Skin              |       |     1 |       |       ||     1
  Dodge: Dodged            |    47 |   101 |   127 |    14 ||   289

Table legend: (Time is in decaauts)
 A = Elapsed time spent in this place.
 B = Non-inter-level travel time spent in this place.
 C = Inter-level travel time spent in this place.
 D = Time resting spent in this place.
 E = Time spent auto-exploring this place.
 F = Levels seen in this place.
 G = Mean time per level.
                   A        B        C        D        E       F      G
               +--------+--------+--------+--------+--------+-----+--------+
         Total |   6894 |   6639 |    255 |    376 |   4752 |  10 |  689.4 |
       Dungeon |   6523 |   6304 |    219 |    276 |   4626 |   8 |  815.4 |
        Temple |    189 |    153 |     36 |    100 |     30 |   1 |  189.0 |
         Sewer |    181 |    181 |      0 |      0 |     96 |   1 |  181.0 |
               +--------+--------+--------+--------+--------+-----+--------+

Top non-repeatable levels by time:
     D:7: 1242 daAuts
     D:1: 1009 daAuts
     D:6: 988 daAuts
     D:4: 830 daAuts
     D:3: 785 daAuts
     D:8: 659 daAuts
     D:5: 567 daAuts
     D:2: 440 daAuts
  Temple: 189 daAuts
   Sewer: 181 daAuts
